cohdb
Replays
Latest Replays
All Replays
Popular Replays
Top Player Replays
Match Explorer
How It Works
Community
CoH3 Stats
Reddit
Sign in to upload your games and track your stats! →
Sign in with Steam
Match 42117591
Unlisted
Match 42117591
Overview
Messages
Build Orders
End
Panzerpioneer Squad
250 Light Carrier
Panzerpioneer Squad
Panzergrenadier Squad
Selects Armored Support Battlegroup
Panzergrenadier Squad
Construct Light Support Kompanie
Selects Superior Fire Drills
Combat Half-tracks
Fire Support Elements
Panzerjäger Mechanized Group
Flakvierling Half-track
Vehicle Survival Package
Selects Flammpanzer III Medium Tank
Flammpanzer III Medium Tank
Pak 38 Mechanized Group
Selects Salvage Kits
Flammpanzer III Medium Tank
Flammpanzer III Medium Tank
Selects Command Panzer IV F Medium Tank
Flammpanzer III Medium Tank
xizi20
Kitsuné
0
0
Comments
sign in to comment!
No comments posted yet!